 Dungeon Crawl Stone Soup version 0.27-a0-1036-g8e1b44f6bd (webtiles) character file.

Game seed: 992714531760461637

53 siradein the Grave Robber (level 3, -1/26 HPs)
             Began as a Draconian Necromancer on Apr 18, 2021.
             Slain by a bullfrog (2 damage)
             ... on level 3 of the Dungeon.
             The game lasted 00:04:48 (2839 turns).

siradein the Grave Robber (Draconian Necromancer)   Turns: 2839, Time: 00:04:48

Health: -1/26      AC:  6    Str: 10    XL:     3   Next: 62%
Magic:  1/6        EV: 12    Int: 16    God:
Gold:   89         SH:  0    Dex: 11    Spells: 5/6 levels left

rFire    . . .     SeeInvis .   (no weapon)
rCold    . . .     Faith    .   (no shield)
rNeg     . . .     Spirit   .   (armour unavailable)
rPois    .         Reflect  .   (helmet restricted)
rElec    .         Harm     .   (no cloak)
rCorr    .         Rampage  .   j - +0 pair of gloves
Will     .....                  (no boots)
Stlth    ++........             (no amulet)
HPRegen  0.08/turn              g - ring of flight
MPRegen  0.10/turn              (no ring)

@: flying
A: AC +5, unfitting armour, cold-blooded
a: no special abilities


You were on level 3 of the Dungeon.
You visited 1 branch of the dungeon, and saw 3 of its levels.

You collected 89 gold pieces.

Inventory:

Armour
 j - a +0 pair of gloves (worn)
Jewellery
 g - a ring of flight (left hand)
Scrolls
 a - a scroll of noise {unknown}
 b - 2 scrolls of teleportation {unknown}
 c - a scroll of blinking {unknown}
 d - 2 scrolls of brand weapon {unknown}
 f - a scroll of amnesia {unknown}
 h - a scroll of identify {unknown}
Potions
 e - a potion of mutation {unknown}
 i - a potion of resistance {unknown}


   Skills:
 - Level 1.7 Dodging
 - Level 1.7 Stealth
 - Level 2.0 Spellcasting
 + Level 5.4 Necromancy


You had 5 spell levels left.
You knew the following spells:

 Your Spells              Type           Power      Damage    Failure   Level
a - Pain                  Necr           72%        1d7       2%          1

Your spell library contained the following spells:

 Spells                   Type           Power      Damage    Failure   Level
 Animate Skeleton         Necr           36%        N/A       2%          1
 Vampiric Draining        Necr           9%         2d7       7%          3
 Animate Dead             Necr           9%         N/A       22%         4
 Agony                    Necr           18%        N/A       54%         5


Dungeon Overview and Level Annotations

Branches:
Dungeon (3/15)

Altars:
Makhleb


Innate Abilities, Weirdness & Mutations

Your plain brown scales are hard. (AC +5)
You cannot fit into any form of body armour.
You are cold-blooded and may be slowed by cold attacks.


Message History

The bullfrog writhes in agony.
The bullfrog hits you.
Unknown command.
Aiming: Pain (safe; 2% risk of failure)
Press: ? - help, Q - select action Shift-Dir - straight line, f/p - bullfrog
Aim: a bullfrog (lightly wounded, chance to affect: 78%)
The bullfrog writhes in agony.
The bullfrog hits you but does no damage.
The bullfrog misses you.
The bullfrog hits you but does no damage.
Aiming: Pain (safe; 2% risk of failure)
Press: ? - help, Q - select action Shift-Dir - straight line, f/p - bullfrog
Aim: a bullfrog (moderately wounded, chance to affect: 78%)
The bullfrog writhes in agony.
The bullfrog hits you.
Unknown command.
The bullfrog hits you. The bullfrog misses you.
Aiming: Pain (safe; 2% risk of failure)
Press: ? - help, Q - select action Shift-Dir - straight line, f/p - bullfrog
Aim: a bullfrog (moderately wounded, chance to affect: 78%)
The bullfrog writhes in agony.
The bullfrog hits you. The bullfrog barely misses you.
Aiming: Pain (safe; 2% risk of failure)
Press: ? - help, Q - select action Shift-Dir - straight line, f/p - bullfrog
Aim: a bullfrog (heavily wounded, chance to affect: 78%)
The bullfrog writhes in agony!
The bullfrog hits you.
* * * LOW HITPOINT WARNING * * *
The bullfrog hits you.
* * * LOW HITPOINT WARNING * * *
Aiming: Pain (safe; 2% risk of failure)
Press: ? - help, Q - select action Shift-Dir - straight line, f/p - bullfrog
Aim: a bullfrog (severely wounded, chance to affect: 78%)
The bullfrog writhes in agony.
The bullfrog hits you but does no damage. x2
Unknown command.
The bullfrog hits you but does no damage.
The bullfrog hits you.
You die...

#.# #.# #.# #.#
#.# #.# #.#####.#
########.....#.#
#..............###
#K##########......
#F# #<# #...####
#@# #.#####.[##
#.# #........# #.#
#........#
##.####.#######
#.......#
##.####.# ### ###


You could see a bullfrog and a kobold.

Vanquished Creatures
  A dart slug (D:1)
  7 endoplasms
  2 giant cockroaches (D:1)
  5 hobgoblins
  A quokka (D:2)
  8 ball pythons
  8 bats
  4 goblins
  5 kobolds (D:1)
  8 rats
49 creatures vanquished.

Notes
Turn   | Place    | Note
-------+----------+-------------------------------------------
     0 | D:1      | siradein the Draconian Necromancer began the quest for the
                  | Orb.
     0 | D:1      | Reached XP level 1. HP: 14/14 MP: 3/3
   285 | D:1      | Reached XP level 2. HP: 10/20 MP: 0/5
   288 | D:1      | HP: 1/20 [kobold/+0 club (5)]
  1503 | D:1      | Reached skill level 5 in Necromancy
  1587 | D:1      | Reached XP level 3. HP: 24/26 MP: 3/6
  1767 | D:2      | Found a burning altar of Makhleb.
  2171 | D:2      | Found a faded altar of an unknown god.
  2772 | D:3      | Noticed a bullfrog
  2839 | D:3      | Slain by a bullfrog

Illustrated notes

Levels and vault maps discovered:
D:1:      tarquinn_simple_flora_water_e, layout_basic
D:2:      layout_loops_ring, basic_altar,
          shapermc_ecumenical_altar_mp_ritualfount, chequers_arboretum
D:3:      layout_basic, amcnicky_altar_gilded, gammafunk_temple_overflow_pools,
          serial_shops, shop, minmay_tree_intersection,
          ebering_dispersal_statue_hall, minmay_crystal_water, uniq_sigmund,
          uniq_terence

Skill      XL: |  1  2 |
---------------+-------+-----
Necromancy     | 5 |  5.4
Dodging        | |  1.7
Stealth        | |  1.7
Spellcasting   | |  2.0

Action                   || total
-------------------------++-------
Melee: Unarmed           ||     8
 Cast: Pain              ||    92
Armor: Skin              ||    30
Dodge: Dodged            ||    52

Table legend: (Time is in decaauts)
 A = Elapsed time spent in this place.
 B = Non-inter-level travel time spent in this place.
 C = Inter-level travel time spent in this place.
 D = Time resting spent in this place.
 E = Time spent auto-exploring this place.
 F = Levels seen in this place.
 G = Mean time per level.
                   A        B        C        D        E       F      G
               +--------+--------+--------+--------+--------+-----+--------+
         Total |   2838 |   2808 |     30 |      0 |   2418 |   3 |  946.0 |
       Dungeon |   2838 |   2808 |     30 |      0 |   2418 |   3 |  946.0 |
               +--------+--------+--------+--------+--------+-----+--------+

Top non-repeatable levels by time:
     D:1: 1764 daAuts
     D:2: 965 daAuts
     D:3: 108 daAuts
